 Dungeon Crawl Stone Soup version 0.18-a0-1577-gf591c28 (webtiles) character file.

76 namelastname112 the Slasher (level 4, -1/55 HPs)
             Began as a Draconian Gladiator on Mar 19, 2016.
             Slain by a hobgoblin
             ... wielding a +0 club
              (2 damage)
             ... on level 3 of the Dungeon.
             The game lasted 00:02:46 (1995 turns).

namelastname112 the Slasher (Draconian Gladiator)   Turns: 1995, Time: 00:02:46

Health: -1/55      AC:  5    Str: 22    XL:     4   Next: 12%
Magic:  4/4        EV: 13    Int:  9    God:
Gold:   109        SH:  0    Dex: 12    Spells: 0 memorised, 3 levels left

rFire  . . .     SeeInvis .     a - +0 long sword
rCold  . . .     Gourm    .     (armour unavailable)
rNeg   . . .     Faith    .     (no shield)
rPois  .         Spirit   .     b - +0 hat
rElec  .         Dismiss  .     (no cloak)
rCorr  .         Reflect  .     (no gloves)
SustAt .         Harm     .     (no boots)
MR     .....                    (no amulet)
Stlth  ..........               (no ring)
                                (no ring)

@: berserking (expiring), very quick, not resistant to hostile enchantments,
extremely unstealthy
A: unfitting armour, cold-blooded, AC +5
a: no special abilities


You were on level 3 of the Dungeon.
You were hungry.

You visited 1 branch of the dungeon, and saw 3 of its levels.

You collected 109 gold pieces.

Inventory:

Hand Weapons
 a - a +0 long sword (weapon)
Missiles
 c - 3 throwing nets (quivered)
 l - 2 silver javelins
Armour
 b - a +0 hat (worn)
Scrolls
 e - 2 scrolls of random uselessness {unknown}
 f - 3 scrolls of teleportation {unknown}
 m - a scroll of identify {unknown}
 o - a scroll of remove curse {unknown}
Potions
 i - a potion of curing {unknown}
 j - a potion of magic {unknown}
 n - a potion of berserk rage
Comestibles
 d - a bread ration
 g - a slice of pizza
 h - 4 fruits
 k - a meat ration


   Skills:
 + Level 2.9 Fighting
 * Level 3.9 Long Blades
 + Level 2.3 Throwing
 + Level 3.1 Dodging


You had 3 spell levels left.
You didn't know any spells.

Dungeon Overview and Level Annotations

Branches:
Dungeon (3/15)

Altars:


Innate Abilities, Weirdness & Mutations

Your plain brown scales are hard (AC +5).
Your body does not fit into most forms of armour.
You are cold-blooded and may be slowed by cold attacks.


Message History

* * * LOW HITPOINT WARNING * * *
Drink which item? (? for menu, Esc to quit)
It was a potion of berserk rage.
A red film seems to cover your vision as you go berserk!
You feel yourself moving faster!
You feel mighty! The hobgoblin barely misses you.
The goblin closely misses you.
You closely miss the hobgoblin.
The hobgoblin is moderately wounded.
The hobgoblin hits you but does no damage.
The goblin closely misses you.
You barely miss the hobgoblin.
The hobgoblin is moderately wounded.
The hobgoblin hits you but does no damage.
The goblin hits you but does no damage.
You barely miss the hobgoblin.
The hobgoblin is moderately wounded.
You hit the hobgoblin.
The hobgoblin is almost dead.
The goblin hits you but does no damage. The hobgoblin hits you with a club.
You die...

#...8.8..#.#
#..8._.8.#.#
#...8.8..#.#
#....8.....####.
#........).g....
#........#
#.######.#
########.######g#
#.........#...g@#
.....###.....#####
... #.....# .
#.....###
#........ ##+##
#.#+#.... ....#
#.# .... ....# #.#
... ....####)# ..


You could see a hobgoblin and a goblin.

Vanquished Creatures
  3 adders
  An adder skeleton (D:3)
  A dart slug (D:2)
  2 giant geckos (D:1)
  An orc (D:3)
  2 giant cockroaches
  6 hobgoblins
  A quokka (D:3)
  3 bats
  3 giant newts
  3 goblins
  9 kobolds
  6 rats
41 creatures vanquished.

Notes
Turn   | Place    | Note
--------------------------------------------------------------
     0 | D:1      | namelastname112 the Draconian Gladiator began the quest for the Orb.
     0 | D:1      | Reached XP level 1. HP: 17/17 MP: 1/1
   440 | D:1      | Reached XP level 2. HP: 11/25 MP: 2/2
  1252 | D:2      | Reached XP level 3. HP: 12/30 MP: 3/3
  1958 | D:3      | Reached XP level 4. HP: 19/37 MP: 4/4
  1962 | D:3      | Found a faded altar to an unknown god.
  1990 | D:3      | HP: 1/37 [goblin/dagger (2)]
  1995 | D:3      | Slain by a hobgoblin

Vault maps used:
D:1:      co_arrival_random_square_maze, minmay_misc_feat_x
D:3:      ecumenical_altar_2

Skill      XL: |  1  2 |
---------------+-------+-----
Throwing       | 2 |  2.3
Dodging        | 3 |  3.1
Fighting       | |  2.9
Long Blades    | |  3.9

Action                   |  1- 3 |  4- 6 || total
-------------------------+-------+-------++-------
Melee: Long sword        |   120 |    20 ||   140
  Use: Potion            |       |     1 ||     1
  Eat: Chunk             |     3 |       ||     3
